cohdb
Replays
Latest Replays
All Replays
Popular Replays
Top Player Replays
Match Explorer
How It Works
Community
CoH3 Stats
Reddit
Sign in to upload your games and track your stats! →
Sign in with Steam
Match 40198580
Unlisted
Match 40198580
Overview
Messages
Build Orders
End
Royal Engineer Section
Royal Engineer Section
Selects Canadian Shock Battlegroup
Construct Section Command Post
Infantry Section
Infantry Section
Infantry Section
Selects Attacking Spirit
Selects Canadian Shock Section
Construct Platoon Command Post
Selects Incendiary Munitions
Construct Field Infirmary
Grenade Package
Infantry Training
Selects Pyrotechnics
Infantry Section
6-pounder Anti-tank Gun Team
Wolfe
UMirinBrah?
0
0
Comments
sign in to comment!
No comments posted yet!